 Dungeon Crawl Stone Soup version 0.31.0-12-g77e489cdc1 (webtiles) character file.

Game seed: 18302705119811441623

258 Gadfly the Insei (level 5, -5/41 HPs)
             Began as a Demonspawn Monk on Feb 12, 2024.
             Slain by a centaur
             ... wielding a +0 great sword
              (15 damage)
             ... on level 6 of the Dungeon.
             The game lasted 00:07:25 (3922 turns).

Gadfly the Insei (Demonspawn Monk)                  Turns: 3922, Time: 00:07:25

Health: -5/41      AC:  3    Str: 14    XL:     5   Next: 94%
Magic:  5/5        EV: 13    Int: 10    God:
Gold:   113        SH:  0    Dex: 15    Spells: 4/4 levels left

rFire   . . .        b - +2 war axe (vamp)
rCold   . . .        c - orb {light}
rNeg    . . .        a - +1 robe
rPois   .            (helmet currently unavailable)
rElec   .            (cloak currently unavailable)
rCorr   .            (gloves currently unavailable)
SInv    .            (boots currently unavailable)
Will    .....        (no amulet)
Stlth   +            (no ring)
HPRegen 0.26/turn    (no ring)
MPRegen 0.09/turn

%: no passive effects
@: beast-form, glowing
A: beast (slay +1), hooves 1, demonic guardian 1
a: Begin Untransformation


You were on level 6 of the Dungeon.
You were a hulking beast.
You visited 1 branch of the dungeon, and saw 5 of its levels.

You collected 166 gold pieces.
You spent 53 gold pieces at shops.

Inventory:

Hand Weapons
 b - a +2 vampiric war axe (weapon)
 i - a +0 falchion
Armour
 a - a +1 robe (worn)
 c - an orb of light (worn)
Talismans
 n - a beast talisman (active)
Wands
 l - a wand of polymorph (5) (quivered)
Scrolls
 j - a scroll of blinking
 k - a scroll of identify
 o - a scroll of fear {unknown}
 p - a scroll of teleportation {unknown}
Potions
 d - a potion of heal wounds
 e - a potion of haste
 f - 2 potions of ambrosia
 g - a potion of curing
 h - a potion of enlightenment


   Skills:
 + Level 3.1 Fighting
 + Level 3.4 Dodging
 * Level 3.9 Unarmed Combat
 * Level 2.9 Evocations
 * Level 2.2 Shapeshifting


You had 4 spell levels left.
You didn't know any spells.
Your spell library contained the following spells:

 Spells                   Type           Power      Damage    Failure   Level
 Cigotuvi's Dreadful Rot  Necr/Alch/Air  0%         N/A       50%         2
 Scorch                   Fire           0%         2d5       50%         2
 Dispel Undead            Necr           0%         3d6       98%         4
 Flame Wave               Conj/Fire      0%         2d4       98%         4
 Martyr's Knell           Necr/Summ      0%         N/A       98%         4
 Death Channel            Necr           0%         N/A       100%        6
 Summon Cactus Giant      Summ           0%         N/A       100%        6


Dungeon Overview and Level Annotations

Branches:
Dungeon (6/15)
 Temple: D:4-7

Altars:

Shops:
D:1 =   D:2 *


Innate Abilities, Weirdness & Mutations

You are a hulking beast.
Your limbs bulge with bestial killing power. (Slay +1)
You have large cloven feet.
A weak demonic guardian rushes to your aid.


Message History

You are poisoned.
The adder poisons you!
You hit the adder but do no damage.
The adder is lightly wounded.
You barely miss the adder.
You feel sick. The adder closely misses you. The adder misses you.
The adder bites you but does no damage. x2
An orc comes into view. It is wielding a +0 club.
You feel sick. The adder completely misses you.
The adder attacks as it pursues you! The adder misses you. The adder bites you.
* * * LOW HITPOINT WARNING * * *
You are more poisoned.
The adder poisons you!
The orc moves out of view.
Unknown command.
* * * LOW HITPOINT WARNING * * *
You feel very sick.
You feel better.
The centaur shoots an arrow.
The arrow hits you.
* * * LOW HITPOINT WARNING * * *
The adder bites you.
* * * LOW HITPOINT WARNING * * *
A demonic guardian appears!
The adder bites you but does no damage. The adder attacks as it pursues you!
The adder barely misses you.
An ice beast comes into view.
The adder bites you.
* * * LOW HITPOINT WARNING * * *
The adder barely misses you. The adder misses you.
The adder attacks as it pursues you! The adder bites you.
* * * LOW HITPOINT WARNING * * *
You are poisoned.
The adder poisons you!
You feel better.
The centaur unwields a +0 orcbow.
The centaur wields a +0 great sword.
The centaur closely misses you.
The centaur kicks you but does no damage.
The adder closely misses you. The adder barely misses you.
Your iron imp barely misses the adder.
An orc comes into view. It is wielding a +0 dagger.
The adder attacks as it pursues you! The adder bites you.
* * * LOW HITPOINT WARNING * * *
The orc closely misses your iron imp.
The centaur hits you with a +0 great sword!
You die...

...<.##o####.##.#
...## #..#
#....#######
.....###Y#
###........#
.........##
######...#
.#.####o.## #...#
.......5.## #...#
#.####....# #...#
......ScS# #...#
......#h.# #...#
........## #####
...###..# ..#
#..# .# #... #.##
.. .#


You could see an ice beast, a centaur, 2 adders, an orc and a friendly iron imp
(summoned).

Vanquished Creatures
  A scorpion (D:6)
  Natasha (thrice) (D:2)
  4 adders (D:2)
  5 dart slugs
  2 ribbon worms (D:3)
  2 orcs (D:4)
  6 endoplasms
  2 giant cockroaches
  6 goblins
  7 hobgoblins
  4 jackals
  6 kobolds
  4 quokkas
  4 ball pythons
  4 bats
  5 frilled lizards (D:1)
  3 rats
68 creatures vanquished.

Vanquished Creatures (collateral kills)
  An endoplasm (D:2)
1 creature vanquished.

Grand Total: 69 creatures vanquished

Notes
Turn   | Place    | Note
-------+----------+-------------------------------------------
     0 | D:1      | Gadfly the Demonspawn Monk began the quest for the Orb.
     0 | D:1      | Reached XP level 1. HP: 18/18 MP: 1/1
    65 | D:1      | Found Zayt's Jewellery Boutique.
   284 | D:1      | Found a faded altar of an unknown god.
   320 | D:1      | Gained mutation: A weak demonic guardian rushes to your
                  | aid. [demonic ancestry]
   320 | D:1      | Reached XP level 2. HP: 20/24 MP: 2/2
   327 | D:1      | Reached skill level 1 in Evocations
   644 | D:1      | Reached skill level 1 in Shapeshifting
   644 | D:1      | Reached XP level 3. HP: 29/29 MP: 3/3
  1111 | D:2      | Found Anih's Assorted Antiques.
  1117 | D:2      | Bought a sedimented black potion for 25 gold pieces
  1117 | D:2      | Bought a scroll labelled ZITIPIHENU for 28 gold pieces
  1226 | D:2      | Noticed Natasha
  1233 | D:2      | Killed Natasha
  1234 | D:2      | Reached XP level 4. HP: 32/35 MP: 4/4
  1638 | D:2      | Noticed Natasha
  1654 | D:2      | Killed Natasha
  1655 | D:2      | Gained mutation: You have large cloven feet. [demonic
                  | ancestry]
  1655 | D:2      | Reached XP level 5. HP: 33/41 MP: 5/5
  2826 | D:2      | Noticed Natasha
  2830 | D:2      | Killed Natasha
  3824 | D:4      | You fall into a shaft and drop 2 floors!
  3906 | D:6      | Noticed a centaur
  3918 | D:6      | Noticed an ice beast
  3922 | D:6      | Slain by a centaur

Illustrated notes

Levels and vault maps discovered:
D:1:      psy_arrival_conway, layout_loops_ring, basic_ecumenical_altar,
          serial_shops, nicolae_shop_pleasant_corner_grove
D:2:      layout_basic, serial_shops, shop, uniq_natasha
D:3:      layout_rooms, serial_forest, infiniplex_forest_straight_4,
          infiniplex_forest_clump_large, infiniplex_forest_clump_medium,
          infiniplex_forest_pool, infiniplex_forest_straight_4,
          infiniplex_forest_end_2
D:4:      layout_loops_ring, okawaru_ov_weapons_minmay,
          nemelex_diamond_rough_becter, ebering_ghost_inner_flame,
          serial_park_tiny_2
D:6:      layout_rooms, nicolae_qazlal_eye_of_the_storm,
          mainiacjoe_overflow_alcove_2

Skill      XL: |  1  2  3  4  5 |
---------------+----------------+-----
Evocations     | 1 2 |  2.9
Unarmed Combat | 3 |  3.9
Shapeshifting  | 1 2 |  2.2
Dodging        | 3 |  3.4
Fighting       | |  3.1

Action                     |  1- 3 |  4- 6 || total
---------------------------+-------+-------++-------
  Melee: Unarmed           |    26 |    11 ||    37
         War axe           |    72 |    65 ||   137
         Kick              |       |    12 ||    12
    Use: Scroll            |     4 |     5 ||     9
         Potion            |       |     3 ||     3
 Armour: Robe              |    61 |    41 ||   102
         Skin              |       |     4 ||     4
  Dodge: Dodged            |    76 |    73 ||   149
   Form: Beast             |       |     1 ||     1
